 Dungeon Crawl Stone Soup version 0.29-a0-1016-g236c7fd91e (webtiles) character file.

Game seed: 10213279703294890325

7132 wingedge the Slasher (level 10, -5/81 HPs)
             Began as a Demigod Conjurer on Aug 10, 2022.
             Slain by an orc warrior
             ... wielding a +0 scimitar
              (19 damage)
             ... on level 9 of the Dungeon.
             The game lasted 01:01:38 (10663 turns).

wingedge the Slasher (Demigod Conjurer)            Turns: 10663, Time: 01:01:38

Health: -5/81      AC:  7    Str:  8    XL:     10   Next: 55%
Magic:  4/22       EV: 18    Int: 28    God:
Gold:   356        SH:  0    Dex: 16    Spells: 7/21 levels left

rFire   + . .      SeeInvis .   b - +7 arbalest of Pain and Death {penet, Contam rPois Will+}
rCold   + . .      Faith    .   (shield currently unavailable)
rNeg    . . .      Spirit   .   f - +2 robe {Will+}
rPois   +          Reflect  .   d - +0 helmet
rElec   +          Harm     .   (no cloak)
rCorr   +          Rampage  .   y - +0 pair of gloves {Stlth+}
Will    +++..      Rnd*Tele +   u - +0 pair of boots
Stlth   +++.......              i - amulet of magic regeneration
HPRegen 0.23/turn               e - +4 ring of evasion
MPRegen 0.58/turn               q - ring of wizardry

@: resistant
A: high MP 1, forlorn, divine attributes, teleportitis 1
a: no special abilities


You were on level 9 of the Dungeon.
You visited 1 branch of the dungeon, and saw 9 of its levels.
You also visited: Sewer and Bailey.

You collected 801 gold pieces.
You spent 445 gold pieces at shops.

Inventory:

Hand Weapons
 a - the +10 long sword of Compassion {drain, Str+2}
   (You found it on level 5 of the Dungeon)

   A truly terrible weapon, it drains the life of any living foe it strikes.
   Str:       It affects your strength (+2).
 b - the +7 arbalest of Pain and Death (weapon) {penet, Contam rPois Will+}
   (You bought it in a shop on level 7 of the Dungeon)

   Any ammunition fired by it passes through the targets it hits, potentially
   hitting all targets in its path until it reaches maximum range.
   rPois:     It protects you from poison.
   Contam:    It causes magical contamination when unequipped.
   Will:      It increases your willpower.
 C - a +0 long sword
 J - a +1 short sword of flaming
Missiles
 c - 3 datura-tipped darts
 j - 3 curare-tipped darts
 o - 8 atropa-tipped darts
 G - 14 boomerangs
Armour
 d - a +0 helmet (worn)
 f - a +2 robe of willpower (worn)
 n - +0 steam dragon scales
 u - a +0 pair of boots (worn)
 y - a +0 pair of gloves of stealth (worn)
Magical Staves
 H - a staff of poison
Jewellery
 e - a +4 ring of evasion (left hand)
 i - an amulet of magic regeneration (around neck)
 q - a ring of wizardry (right hand)
 w - a +6 ring of strength
Wands
 g - a wand of digging (5)
Scrolls
 l - 4 scrolls of enchant weapon
 r - 4 scrolls of fear
 s - a scroll of blinking
 t - 2 scrolls of butterflies
 z - a scroll of magic mapping
 A - 2 scrolls of teleportation
 F - a scroll of vulnerability
 L - a scroll of poison
 O - a scroll of enchant armour {unknown}
Potions
 h - 4 potions of flight
 k - 3 potions of mutation
 m - 3 potions of degeneration {unknown}
 v - 3 potions of invisibility {unknown}
 x - 2 potions of magic
 D - 2 potions of lignification {unknown}
 E - 3 potions of resistance
 I - a potion of might {unknown}
 K - 3 potions of attraction {unknown}
 M - a potion of curing
 N - 4 potions of brilliance {unknown}
Miscellaneous
 p - a lightning rod (4/4)


   Skills:
 + Level 5.2 Fighting
 - Level 6.0 Long Blades
 - Level 6.0 Ranged Weapons
 - Level 5.0 Dodging
 - Level 2.0 Stealth
 - Level 6.0 Spellcasting
 - Level 6.0 Conjurations
 - Level 6.0 Hexes
 - Level 3.0 Translocations


You had 7 spell levels left.
You knew the following spells:

 Your Spells              Type           Power      Damage    Failure   Level
a - Magic Dart            Conj           100%       1d8       1%          1
b - Searing Ray           Conj           84%        2d7       1%          2
c - Dazzling Flash        Conj/Hex       84%        N/A       1%          3
d - Fulminant Prism       Conj/Hex       21%        3d13      1%          4
e - Iskenderun's Mystic   Conj/Tloc      33%        2d8       4%          4

Your spell library contained the following spells:

 Spells                   Type           Power      Damage    Failure   Level


Dungeon Overview and Level Annotations

Branches:
Dungeon (9/15)             Temple (0/1) D:5           Sewer (visited)
 Bailey (visited)
   Lair: D:8-11         Orc: D:9-12

Shops:
D:3 *   D:7 ?[*(


Innate Abilities, Weirdness & Mutations

You have an increased reservoir of magic. (+10% MP)
You shall have no god before yourself.
Your divine heritage dramatically boosts your attributes as you level up.
You are occasionally teleported next to monsters.


Message History

Confirm with . or Enter, or press ? or * to list all spells.
Aiming: Fulminant Prism (dangerous; 1% risk of failure)
Press: ? - help, Dir - move target You conjure a prism of explosive energy!
A fulminant prism comes into view.
The polar bear completely misses you. The polar bear closely misses you.
The polar bear claws you.
* * * LOW HITPOINT WARNING * * *
An electric eel comes into view.
The electric eel shoots out a bolt of lightning at you!
The bolt of electricity misses you.
Your fulminant prism crackles loudly.
You see here a yak corpse.
The electric eel shoots out a bolt of lightning at you!
The bolt of electricity hits you. You resist.
* * * LOW HITPOINT WARNING * * *
Your fulminant prism explodes!
The blast of energy engulfs the orc warrior!
The orc warrior is heavily wounded.
The blast of energy engulfs the polar bear!!!
You kill the polar bear!
You hear a shout! x3
Training target 5.0 for Dodging reached!
Your Dodging skill increases to level 5!
You need to enable at least one skill for training.
You feel better.
Casting: Fulminant Prism (dangerous; 1% risk of failure)
Confirm with . or Enter, or press ? or * to list all spells.
Aiming: Fulminant Prism (dangerous; 1% risk of failure)
Press: ? - help, Dir - move target You conjure a prism of explosive energy!
A fulminant prism comes into view.
The electric eel shoots out a bolt of lightning at you!
The bolt of electricity misses you.
Your fulminant prism crackles loudly.
Things that are here:
a +0 dagger; a +0 robe of fire resistance; an orc corpse The orc warrior attacks as you move away!
The orc warrior hits you with a +0 scimitar!!
You die...

#######+#####
#####.....o@....# #
#.............#....
##.###.###....††........
............o..)..*~~~~.
..~~...~...~~~!~†~S≈~≈≈≈
###.~~.†~~.~~≈~.~≈≈~≈≈≈≈
#≈≈≈~≈~~≈≈≈≈≈≈≈≈~~~≈≈≈≈≈
≈≈≈≈≈≈≈≈≈≈≈≈..~~~~≈≈≈P≈~
≈≈≈≈≈≈≈≈≈~~≈..~~~.~~≈~~


You could see an orc warrior, an electric eel (ally target), an orc and a
friendly fulminant prism.

Vanquished Creatures
  Erica (D:8)
  The ghost of drugrobin the Cleaver, a novice DgFi (D:8)
  An unseen horror zombie (D:8)
  A polar bear (shapeshifter) (D:9)
  Sigmund (D:2)
  6 yaks
  Grum (D:9)
  A steam dragon (D:7)
  Menkaure (D:4)
  A water moccasin (D:6)
  2 orc warriors (Bailey)
  3 ice beasts
  3 sky beasts
  2 black bears
  3 wolves (D:9)
  An ogre (D:6)
  A centaur (D:5)
  2 phantoms
  7 kobold brigands
  Blork the orc (D:4)
  A gnoll sergeant (D:5)
  5 bullfrogs
  3 scorpions
  9 wights
  A howler monkey (D:4)
  2 electric eels (D:9)
  4 jellies
  3 hounds
  3 orc priests
  A gnoll bouda (D:7)
  3 iguanas
  4 orc wizards
  A howler monkey zombie (D:8)
  9 adders
  7 gnolls
  5 river rats (Sewer)
  A howler monkey simulacrum (D:8)
  A white imp (D:6)
  A worm (D:3)
  3 dart slugs
  10 orcs
  5 endoplasms
  5 giant cockroaches
  9 hobgoblins
  6 jackals (D:5)
  7 quokkas
  15 ball pythons
  4 bats
  6 frilled lizards
  8 goblins
  21 kobolds
  27 rats
  A fulminant prism (D:8)
231 creatures vanquished.

Vanquished Creatures (others)
  A howler monkey zombie (D:8)
  87 fulminant prisms
  16 plants (D:9)
104 creatures vanquished.

Grand Total: 335 creatures vanquished

Notes
Turn   | Place    | Note
-------+----------+-------------------------------------------
     0 | D:1      | wingedge the Demigod Conjurer began the quest for the Orb.
     0 | D:1      | Reached XP level 1. HP: 14/14 MP: 5/5
   431 | D:1      | Reached XP level 2. HP: 20/20 MP: 7/7
   527 | D:1      | Learned a level 2 spell: Searing Ray
  1192 | D:2      | Reached XP level 3. HP: 24/26 MP: 6/9
  1268 | D:2      | Learned a level 3 spell: Dazzling Flash
  1393 | D:2      | Reached skill level 1 in Hexes
  1734 | D:2      | Noticed Sigmund
  1742 | D:2      | Killed Sigmund
  1743 | D:2      | Reached XP level 4. HP: 36/36 MP: 6/11
  1743 | D:2      | Reached XP level 5. HP: 41/41 MP: 6/12
  1876 | D:2      | Learned a level 4 spell: Fulminant Prism
  2168 | D:3      | Found Gozag's Platinum Reserve.
  2804 | D:3      | Reached XP level 6. HP: 50/50 MP: 7/13
  3073 | D:4      | Found a glowing drain.
  3085 | Sewer    | Entered a sewer
  3842 | Sewer    | Reached XP level 7. HP: 9/57 MP: 10/15
  4174 | D:4      | Noticed Blork the orc
  4184 | D:4      | Killed Blork the orc
  4185 | D:4      | Reached skill level 5 in Conjurations
  4352 | D:4      | Noticed Menkaure
  4358 | D:4      | Killed Menkaure
  4359 | D:4      | Reached skill level 5 in Hexes
  5064 | D:5      | Entered Level 5 of the Dungeon
  5070 | D:5      | Identified the +10 long sword of Compassion {drain, Str+2}
  5142 | D:5      | Reached skill level 1 in Long Blades
  5449 | D:5      | Found a staircase to the Ecumenical Temple.
  5469 | D:5      | Reached XP level 8. HP: 66/66 MP: 12/17
  5839 | D:5      | Reached skill level 5 in Long Blades
  6288 | D:6      | Learned a level 4 spell: Iskenderun's Mystic Blast
  6309 | D:6      | Reached skill level 1 in Translocations
  7362 | D:7      | Found Heklity's Antique Weapon Shoppe.
  7377 | D:7      | Reached XP level 9. HP: 71/71 MP: 6/19
  7499 | D:7      | Found Ewar's Assorted Antiques.
  7508 | D:7      | Bought a bloodstained arbalest for 228 gold pieces
  7508 | D:7      | Identified the +7 arbalest of Pain and Death {penet, Contam
                  | rPois Will+} (You bought it in a shop on level 7 of the
                  | Dungeon)
  7675 | D:7      | Reached skill level 5 in Spellcasting
  7793 | D:7      | Found Wamojutz's Magic Scroll Shoppe.
  7892 | D:7      | Reached skill level 1 in Ranged Weapons
  8003 | D:7      | Found Guuh Zipsa's Antique Armour Shop.
  8495 | D:8      | Found a flagged portal.
  8611 | Bailey   | Entered a bailey
  8963 | D:7      | Bought a pair of runed gloves for 217 gold pieces
  9022 | D:8      | Reached skill level 5 in Ranged Weapons
  9115 | D:8      | Found a runed translucent gate.
  9115 | D:8      | Found a runed translucent gate.
  9115 | D:8      | Found a runed translucent gate.
  9118 | D:8      | Noticed drugrobin's ghost (novice DgFi)
  9140 | D:8      | Reached XP level 10. HP: 41/79 MP: 13/22
  9150 | D:8      | Killed drugrobin's ghost
  9441 | D:8      | Noticed Erica
  9461 | D:8      | Gained mutation: You are occasionally teleported next to
                  | monsters. [mutagenic glow]
  9969 | D:8      | Killed Erica
 10223 | D:9      | Noticed Grum
 10233 | D:9      | Killed Grum
 10234 | D:9      | Reached skill level 5 in Fighting
 10660 | D:9      | Reached skill level 5 in Dodging
 10663 | D:9      | Slain by an orc warrior

Illustrated notes

Levels and vault maps discovered:
D:1:      dpeg_arrival_radiant, layout_loops_ring
D:2:      layout_rooms, uniq_sigmund
D:3:      layout_rooms, nicolae_gozag_zags_fifth_avenue,
          nicolae_ecumenical_oubliette, palyth_stone_intersect,
          nicolae_figureground_pulse
D:4:      layout_basic, portal_sewer_entry_b, uniq_menkaure, uniq_blork_the_orc
D:5:      layout_gridville, minmay_temple_entry_tees, kennysheep_generic_room_13
D:6:      layout_rooms, mainiacjoe_overflow_brackets
D:7:      layout_basic, general_overflow_altar, serial_shops,
          nicolae_shop_advertising_works [nicolae_subvault_shop_adworks],
          nicolae_stop_n_shop_2, nicolae_shop_crystal, nicolae_lakefront_shop
D:8:      layout_loops_ring, mainiacjoe_overflow_alcove_1,
          gammafunk_ghost_necromancy, enter_bailey_6, uniq_erica
D:9:      layout_basic, gammafunk_ghost_wrathful_warriors, chequers_big_river,
          minmay_between, uniq_grum

Skill      XL: |  1  2  3  4  5  6  7  8  9 10 |
---------------+-------------------------------+-----
Dodging        | 2 5 |  5.0
Stealth        | 2 |  2.0
Spellcasting   | 2 3 4 6 |  6.0
Conjurations   | 4 5 6 |  6.0
Hexes          | 3 5 6 |  6.0
Fighting       | 2 3 4 5 |  5.2
Long Blades    | 2 6 |  6.0
Translocations | 2 3 |  3.0
Ranged Weapons | 5 6 |  6.0

Action                   |  1- 3 |  4- 6 |  7- 9 | 10-12 || total
-------------------------+-------+-------+-------+-------++-------
Melee: Mace              |     5 |       |       |       ||     5
       Quarterstaff      |     3 |       |       |       ||     3
       Hand axe          |    12 |       |       |       ||    12
       Short sword       |       |    29 |       |       ||    29
       Punch             |       |     1 |       |       ||     1
       Long sword        |       |       |    26 |    27 ||    53
 Fire: Arbalest          |       |       |    42 |    14 ||    56
Throw: Dart              |     1 |       |       |     1 ||     2
       Boomerang         |       |       |     2 |       ||     2
 Cast: Magic Dart        |    88 |    83 |    26 |       ||   197
       Searing Ray       |     4 |    18 |    11 |     1 ||    34
       Fulminant Prism   |       |     7 |    69 |    13 ||    89
       Dazzling Flash    |       |     3 |     3 |     4 ||    10
       Iskenderun's Myst |       |       |     2 |     5 ||     7
  Use: Scroll            |     5 |     4 |     3 |     7 ||    19
       Potion            |     3 |     3 |     1 |    11 ||    18
 Stab: Sleeping          |     1 |     2 |       |       ||     3
       Invisible         |       |     1 |       |     1 ||     2
Armor: Leather armour    |    13 |    15 |    14 |       ||    42
       Steam dragon scal |       |       |     3 |     1 ||     4
       Robe              |       |       |       |     5 ||     5
Dodge: Dodged            |    14 |    68 |    69 |    42 ||   193

Table legend: (Time is in decaauts)
 A = Elapsed time spent in this place.
 B = Non-inter-level travel time spent in this place.
 C = Inter-level travel time spent in this place.
 D = Time resting spent in this place.
 E = Time spent auto-exploring this place.
 F = Levels seen in this place.
 G = Mean time per level.
                   A        B        C        D        E       F      G
               +--------+--------+--------+--------+--------+-----+--------+
         Total |  10771 |  10197 |    574 |   4893 |    498 |  11 |  979.2 |
       Dungeon |   9383 |   8809 |    574 |   4009 |    498 |   9 | 1042.6 |
         Sewer |   1048 |   1048 |      0 |    726 |      0 |   1 | 1048.0 |
        Bailey |    339 |    339 |      0 |    158 |      0 |   1 |  339.0 |
               +--------+--------+--------+--------+--------+-----+--------+

Top non-repeatable levels by time:
     D:5: 1419 daAuts
     D:8: 1403 daAuts
     D:7: 1353 daAuts
     D:1: 1156 daAuts
     D:4: 1156 daAuts
   Sewer: 1048 daAuts
     D:2: 970 daAuts
     D:6: 968 daAuts
     D:3: 774 daAuts
  Bailey: 339 daAuts
     D:9: 178 daAuts
